 Dungeon Crawl Stone Soup version bcrawl-1.28.1b (webtiles) character file.

Game seed: 9574288221353358929

145164 KristoblXynda the Charmwright (level 3, 0/18 HPs)
             Began as a Spriggan Skald on Dec 14, 2020.
             Killed by nerve-wracking pain
             ... invoked by Jessica
              (10 damage)
             ... on level 2 of the Dungeon.
             The game lasted 00:01:37 (1131 turns).

KristoblXynda the Charmwright (Spriggan Skald)      Turns: 1131, Time: 00:01:37

Health: 0/18       AC:  2    Str:  8    XL:     3   Next: 78%
Magic:  5/8        EV: 20    Int: 14    God:
Gold:   137        SH:  0    Dex: 21    Spells: 6/7 levels left

rFire    . . .     SeeInvis +   a - +0 rapier
rCold    . . .     Gourm    .   (shield restricted)
rNeg     . . .     Faith    .   b - +0 robe
rPois    .         Spirit   .   (helmet restricted)
rElec    .         Reflect  .   (no cloak)
rCorr    .         Harm     .   (gloves unavailable)
MR       .....                  (boots unavailable)
Stlth    ++........             f - amulet of the acrobat
HPRegen  0.06/turn              l - +6 ring of dexterity
MPRegen  0.11/turn              (no ring)

@: infused, very quick
A: very small, unfitting armour, see invisible, herbivore, speed 3, slow
metabolism 2
a: no special abilities


You were on level 2 of the Dungeon.
You were hungry.

You visited 1 branch of the dungeon, and saw 2 of its levels.

You collected 137 gold pieces.

Inventory:

Hand Weapons
 a - a +0 rapier (weapon)
Armour
 b - a +0 robe (worn)
Jewellery
 f - an amulet of the acrobat (around neck)
 l - a +6 ring of dexterity (left hand)
Scrolls
 c - 4 scrolls of immolation
 d - a scroll of fear
 h - a scroll of teleportation {unknown}
 i - a scroll of fog {unknown}
Potions
 g - a potion of berserk rage {unknown}
 j - a potion of agility
 k - a potion of curing {unknown}
 m - a potion of invisibility {unknown}
Comestibles
 e - 5 rations {!d}


   Skills:
 - Level 2.0 Fighting
 + Level 3.2 Short Blades
 + Level 4.4 Dodging
 + Level 1.0 Stealth
 - Level 2.6 Spellcasting
 + Level 5.1 Charms


You had 6 spell levels left.
You knew the following spells:

 Your Spells              Type           Power        Failure   Level  Hunger
a - Infusion              Chrm           ###.....     2%          1    None

Your spell library contained the following spells:

 Spells                   Type           Power        Failure   Level  Hunger
 Song of Slaying          Chrm           ###.....     4%          2    ##.....
 Ozocubu's Armour         Chrm/Ice       #.......     24%         3    ####...
 Regeneration             Chrm/Necr      #.........   24%         3    ####...
 Spectral Weapon          Hex/Chrm       #.......     24%         3    ####...


Dungeon Overview and Level Annotations

Branches:
Dungeon (2/12)

Altars:

Annotations:
D:2 Jessica


Innate Abilities, Weirdness & Mutations

You are very small and have problems with some larger weapons.
You are too small for most types of armour.
You have supernaturally acute eyesight. (SInv)
You are a herbivore.
You cover ground extremely quickly.
You need to consume almost no food.


Message History

The adder is moderately wounded.
The adder misses you.
You closely miss the adder.
The adder is moderately wounded.
The adder barely misses you.
You puncture the adder!
You kill the adder!
Your Stealth skill increases to level 1!
You closely miss Jessica. Jessica barely misses you.
Jessica points at you and mumbles some strange words.
Pain shoots through your body!
You closely miss Jessica. Jessica completely misses you.
You closely miss Jessica.
Jessica gestures wildly.
Jessica hits you. Jessica completely misses you.
You barely miss Jessica.
Jessica points at you and mumbles some strange words.
Pain shoots through your body!
Ouch! That really hurt!
You die...

########## ###
#........# ..#
#........# ..#
#........# ##### ..#
##........# ....# ..#
#.........## ....##
..#
#..........####.....##
..#
#..........@@........#
..#
#.........###.........
..# #.........#
#.........
..###.#########
#......... ......#
#.........# .######
#.........# .#
##.......## .#####
##.........#
.....#######
#..........#


You could see Jessica.

Vanquished Creatures
  An adder (D:2)
  An ooze (D:2)
  An adder skeleton (D:2)
  A worm (D:2)
  A dart slug (D:2)
  A leopard gecko (D:1)
  3 ball pythons (D:1)
  5 giant cockroaches
  3 goblins (D:2)
  A hobgoblin (D:1)
  4 jackals (D:2)
  6 bats
  A frilled lizard (D:1)
  2 kobolds (D:1)
  5 rats
36 creatures vanquished.

Notes
Turn   | Place    | Note
-------+----------+-------------------------------------------
     0 | D:1      | KristoblXynda the Spriggan Skald began the quest for the
                  | Orb.
     0 | D:1      | Reached XP level 1. HP: 10/10 MP: 5/5
   128 | D:1      | Reached XP level 2. HP: 15/15 MP: 6/6
   789 | D:2      | Reached XP level 3. HP: 18/18 MP: 8/8
   969 | D:2      | Reached skill level 5 in Charms
  1113 | D:2      | Noticed Jessica
  1128 | D:2      | Reached skill level 1 in Stealth
  1131 | D:2      | Killed from afar by Jessica

Skill      XL: |  1  2  3 |
---------------+----------+-----
Dodging        | 4 |  4.4
Fighting       | 2 |  2.0
Short Blades   | 3 |  3.2
Charms         | 5 |  5.1
Stealth        | 1 |  1.0
Spellcasting   | |  2.6

Action                   || total
-------------------------++-------
Melee: Rapier            ||   126
 Cast: Infusion          ||     1
  Use: Scroll            ||     2
 Stab: Sleeping          ||     2
Armor: Robe              ||    15
Dodge: Dodged            ||   114
